 Dungeon Crawl Stone Soup version 0.28.0-1-gb440e238dd (webtiles) character file.

Game seed: 8825917182083211420

399 Destapler the Sneak (level 6, 0/35 HPs)
             Began as a Tengu Enchanter on Feb 26, 2022.
             Succumbed to a scorpion's poison
             ... on level 4 of the Dungeon.
             The game lasted 00:23:40 (4906 turns).

Destapler the Sneak (Tengu Enchanter)               Turns: 4906, Time: 00:23:41

Health: 0/35       AC:  3    Str:  8    XL:     6   Next: 84%
Magic:  2/11       EV: 15    Int: 17    God:
Gold:   106        SH:  0    Dex: 15    Spells: 5/10 levels left

rFire   . . .      SeeInvis .   a - +1 dagger
rCold   . . .      Faith    .   d - orb {guile}
rNeg    . . .      Spirit   .   b - +0 robe
rPois   .          Reflect  .   (helmet restricted)
rElec   .          Harm     .   (no cloak)
rCorr   .          Rampage  .   p - +0 pair of gloves
Will    .....      Clarity  +   (boots unavailable)
Stlth   +++.......              (no amulet)
HPRegen 0.11/turn               (no ring)
MPRegen 0.12/turn               (no ring)

@: mighty, lethally poisoned (0 -> -2), flying quickly and evasively, quick
A: beak, talons 3, nimble flight, clarity
a: no special abilities


You were on level 4 of the Dungeon.
You visited 1 branch of the dungeon, and saw 4 of its levels.

You collected 106 gold pieces.

Inventory:

Hand Weapons
 a - a +1 dagger (weapon)
Armour
 b - a +0 robe (worn)
 d - an orb of guile (worn)
 p - a +0 pair of gloves (worn)
Scrolls
 c - a scroll of vulnerability {unknown}
 e - a scroll of fog {unknown}
 g - 2 scrolls of teleportation
 i - a scroll of amnesia {unknown}
 k - a scroll of noise {unknown}
 l - a scroll of identify
Potions
 f - 2 potions of attraction
 o - a potion of degeneration {unknown}


   Skills:
 + Level 2.2 Fighting
 + Level 2.5 Short Blades
 + Level 3.3 Dodging
 + Level 3.9 Stealth
 + Level 2.8 Spellcasting
 + Level 2.6 Conjurations
 + Level 2.8 Hexes
 + Level 1.9 Ice Magic


You had 5 spell levels left.
You knew the following spells:

 Your Spells              Type           Power      Damage    Failure   Level
a - Ensorcelled Hibernat  Hex/Ice        20%        N/A       10%         2
b - Confusing Touch       Hex            12%        N/A       16%         3

Your spell library contained the following spells:

 Spells                   Type           Power      Damage    Failure   Level
 Tukima's Dance           Hex            12%        N/A       16%         3
 Dazzling Flash           Conj/Hex       22%        N/A       17%         3
 Apportation              Tloc           4%         N/A       19%         1
 Beastly Appendage        Tmut           4%         N/A       19%         1
 Pain                     Necr           8%         1d4       19%         1
 Wereblood                Tmut           2%         N/A       26%         2
 Spider Form              Tmut/Pois      2%         N/A       47%         3
 Agony                    Necr           2%         N/A       99%         5
 Alistair's Intoxication  Tmut/Pois      1%         N/A       99%         5
 Excruciating Wounds      Necr           1%         N/A       99%         5


Dungeon Overview and Level Annotations

Branches:
Dungeon (4/15)
 Temple: D:4-7

Altars:
Ashenzari


Innate Abilities, Weirdness & Mutations

You have a beak for a mouth.
You have claws for feet.
Your magical nature lets you fly swiftly and evasively.
You possess an exceptional clarity of mind.


Message History

Your kick misses something. The scorpion stings you.
* * * LOW HITPOINT WARNING * * *
You are lethally poisoned!
The scorpion poisons you!
It was a potion of heal wounds.
You feel much better.
You feel sick. Something hits you. The scorpion barely misses you.
As you read the scroll labelled TOSA YQATWOA, it crumbles to dust.
You feel strangely unstable.
It was a scroll of teleportation.
You feel sick.
You hear some strange, mumbled words.
A magic dart appears from out of thin air!
The magic dart hits you but does no damage.
The scorpion barely misses you.
It was a potion of mutation.
You feel extremely strange.
Your thoughts seem clearer.
You feel sick. Something hits you but does no damage. The scorpion stings you.
* * * LOW HITPOINT WARNING * * *
The jackal barks!
You hit the scorpion.
The scorpion is lightly wounded.
You feel sick.
You hear a shout! x2
Something hits you.
* * * LOW HITPOINT WARNING * * *
The scorpion stings you but does no damage.
You hit the scorpion but do no damage. Your kick misses the scorpion.
The scorpion is lightly wounded.
The scorpion closely misses you.
You hear some strange, mumbled words.
A magic dart appears from out of thin air!
The magic dart hits you.
* * * LOW HITPOINT WARNING * * *
It was a potion of might.
You feel very mighty all of a sudden.
Your surroundings suddenly seem different.
Found 14 gold pieces.
* * * LOW HITPOINT WARNING * * *
You feel sick.
It was a potion of flight.
You feel more buoyant.
You die...

#........#
##########
###########
#.....#.....#
##.............##
##..............@#
.g<..........J...#
##†..............#
................#
##........$......#
#.......o.......#
##.............##
#.....#.....#
######


You could see a jelly (wandering) and an orc (asleep).

Vanquished Creatures
  An ogre (D:4)
  A howler monkey (D:4)
  2 hounds (D:4)
  2 orc wizards (D:4)
  A hound skeleton (D:4)
  4 gnolls
  6 adders
  2 worms (D:3)
  2 dart slugs
  3 orcs
  4 endoplasms
  A giant cockroach (D:3)
  6 goblins
  7 hobgoblins
  A jackal (D:3)
  2 quokkas
  3 ball pythons
  2 bats
  2 frilled lizards
  3 kobolds
  3 rats
58 creatures vanquished.

Notes
Turn   | Place    | Note
-------+----------+-------------------------------------------
     0 | D:1      | Destapler the Tengu Enchanter began the quest for the Orb.
     0 | D:1      | Reached XP level 1. HP: 10/10 MP: 4/4
   121 | D:1      | You fall into a shaft and drop 1 floor!
   148 | D:2      | Reached XP level 2. HP: 16/16 MP: 6/6
   362 | D:1      | Learned a level 2 spell: Ensorcelled Hibernation
   614 | D:2      | Reached XP level 3. HP: 20/20 MP: 0/7
   616 | D:2      | Reached skill level 1 in Conjurations
   620 | D:2      | Learned a level 3 spell: Confusing Touch
   820 | D:2      | Found a broken altar of Ashenzari.
   885 | D:2      | Reached skill level 1 in Fighting
  1325 | D:3      | HP: 1/20 [gnoll (7)]
  1996 | D:2      | Reached XP level 4. HP: 25/25 MP: 3/8
  2297 | D:2      | Found a broken altar of Ashenzari.
  2782 | D:2      | Reached skill level 1 in Ice Magic
  3322 | D:3      | Gained mutation: Your magical nature lets you fly swiftly
                  | and evasively. [Tengu growth]
  3322 | D:3      | Reached XP level 5. HP: 29/29 MP: 6/9
  4108 | D:4      | Reached XP level 6. HP: 35/35 MP: 7/10
  4899 | D:4      | HP: 1/35 [scorpion (5)]
  4902 | D:4      | Gained mutation: You possess an exceptional clarity of
                  | mind. [potion of mutation]
  4905 | D:4      | HP: 1/35 [poisoned by a scorpion]
  4906 | D:4      | Succumbed to a scorpion's poison

Illustrated notes

Levels and vault maps discovered:
D:1:      ncdulo_smallfort, layout_rooms
D:2:      layout_loops_ring, basic_altar
D:3:      layout_rooms, hangedman_decor_clover_reticule, st_stairs_14
D:4:      layout_rooms

Skill      XL: |  1  2  3  4  5  6 |
---------------+-------------------+-----
Conjurations   | 1 2 |  2.6
Fighting       | 1 2 |  2.2
Ice Magic      | 1 |  1.9
Short Blades   | 2 |  2.5
Dodging        | 3 |  3.3
Stealth        | |  3.9
Spellcasting   | |  2.8
Hexes          | |  2.8

Action                   |  1- 3 |  4- 6 || total
-------------------------+-------+-------++-------
Melee: Dagger            |    36 |    80 ||   116
       Kick              |     6 |    13 ||    19
       Peck              |     6 |    13 ||    19
 Cast: Ensorcelled Hiber |    17 |    41 ||    58
       Confusing Touch   |       |     3 ||     3
  Use: Potion            |     1 |     4 ||     5
       Scroll            |       |     2 ||     2
 Stab: Sleeping          |    12 |    21 ||    33
Armor: Robe              |     3 |     9 ||    12
Dodge: Dodged            |    41 |    53 ||    94
